[Event "Titled Tuesday Blitz July 18 Early 2023"]
[White "Bodnaruk, Anastasia"]
[Black "Tanmay Jain"]
[WhiteFideId "4181751"]
[BlackFideId "45015481"]
[WhiteElo "2580"]
[BlackElo "2463"]
[Result "1-0"]
[Round "10"]
[TimeControl "180+2"]
[Date "2023.07.18"]
[WhiteClock "0:00:17"]
[BlackClock "0:00:00"]
[Board "68"]

1. e4 c5 2. Nc3 Nc6 3. Bb5 d6 4. Bxc6+ bxc6 5. d3 Nf6 6. Nge2 e5 7. O-O Be7 8. f4 exf4 9. Nxf4 O-O 10. Be3 d5 11. exd5 cxd5 12. Bd2 Bb7 13. Qf3 Qd7 14. Rae1 d4 15. Ne4 Nxe4 16. dxe4 Bg5 17. Qg3 Bxf4 18. Rxf4 Bc8 19. c3 f6 20. cxd4 Qxd4+ 21. Be3 Qe5 22. Rc1 Be6 23. Bxc5 Rfc8 24. b4 Bxa2 25. Rff1 Qxg3 26. hxg3 Be6 27. Rfd1 Rab8 28. Rd6 Kf7 29. Ra1 Rb7 30. Rxa7 Rxa7 31. Bxa7 Rc7 32. Bc5 Rb7 33. Kf2 Rc7 34. Ke3 Rb7 35. Kd4 Rc7 36. Rd8 Rc8 37. Rd6 Rc7 38. Rb6 Rd7+ 39. Kc3 Rc7 40. Kd4 Rd7+ 41. Ke3 Rc7 42. Rb8 Rc6 43. Kd4 Rc7 44. b5 Rd7+ 45. Kc3 f5 46. b6 fxe4 47. b7 Kg6 48. Re8 Rxb7 49. Rxe6+ Kf5 50. Re7 Rb5 51. Be3 Ra5 52. Bf4 Ra3+ 53. Kd4 Ra4+ 54. Ke3 Ra3+ 55. Ke2 Ra2+ 56. Bd2 Ra3 57. Rxg7 h5 58. Rg5+ Kf6 59. Rxh5 Rxg3 60. Kf2 Rg4 61. Be3 Ke6 62. g3 Rg8 63. Rb5 Rc8 64. g4 Rc3 65. g5 Kf7 66. Rb6 Kg7 67. Bd4+ 1-0


[Site "https://www.chess.com"]

[Event "Titled Tuesday Blitz July 18 Early 2023"]
[White "Karthik, Advaith"]
[Black "Vlassov, Nikolai"]
[WhiteFideId "30946050"]
[BlackFideId "4103360"]
[WhiteElo "2451"]
[BlackElo "2580"]
[Result "1/2-1/2"]
[Round "10"]
[TimeControl "180+2"]
[Date "2023.07.18"]
[WhiteClock "0:00:13"]
[BlackClock "0:00:05"]
[Board "69"]

1. Nf3 c5 2. g3 Nc6 3. d4 cxd4 4. Nxd4 Qa5+ 5. c3 Qh5 6. Bg2 d5 7. Nxc6 bxc6 8. e4 Qxd1+ 9. Kxd1 e6 10. Re1 Nf6 11. Bg5 Nxe4 12. Bxe4 dxe4 13. Rxe4 Rb8 14. b3 c5 15. Ra4 a6 16. Be3 Bb7 17. Ra5 Rc8 18. Nd2 Be7 19. Ke2 O-O 20. Rd1 Bf6 21. Nb1 c4 22. b4 Rfd8 23. Rc5 Be4 24. Rxc8 Rxc8 25. Bd4 Bxd4 26. cxd4 c3 27. Rc1 c2 28. Nd2 Bg6 29. Nb3 Rc4 30. a3 Rc3 31. Na1 Kf8 32. Kd2 Rd3+ 33. Kxc2 Rxg3+ 34. Kb2 Rg2 35. Rc6 Rxf2+ 36. Kb3 Bd3 37. Kc3 Bb5 38. Rc8+ Ke7 39. Rc7+ Kf6 40. Ra7 Rxh2 41. Nb3 Ra2 42. Nc5 Rxa3+ 43. Kb2 Rf3 44. Nxa6 h5 45. Nc7 Bc6 46. b5 Be4 47. b6 Bc6 48. Ne8+ Kg6 49. Rc7 Bd5 50. Rc5 Rb3+ 51. Kc2 Rxb6 52. Nc7 Rc6 53. Nxd5 Ra6 54. Nf4+ Kf6 55. Nxh5+ Kg6 56. Nf4+ Kf6 57. Kd3 g5 58. Nh5+ Kg6 59. Ng3 f5 60. Ke2 g4 61. d5 exd5 62. Rxd5 f4 63. Ne4 Ra2+ 64. Rd2 f3+ 65. Kf2 Rxd2+ 66. Nxd2 Kg5 67. Nxf3+ gxf3 68. Kxf3 1/2-1/2


[Site "https://www.chess.com"]

[Event "Titled Tuesday Blitz July 18 Early 2023"]
[White "Devaev, Alexander"]
[Black "Sargsyan, Anna M."]
[WhiteFideId "4169395"]
[BlackFideId "13308130"]
[WhiteElo "2456"]
[BlackElo "2579"]
[Result "0-1"]
[Round "10"]
[TimeControl "180+2"]
[Date "2023.07.18"]
[WhiteClock "0:00:00"]
[BlackClock "0:01:21"]
[Board "70"]

1. d4 d5 2. c4 c6 3. Nf3 Nf6 4. Nc3 dxc4 5. a4 Bf5 6. e3 e6 7. Bxc4 Bb4 8. O-O O-O 9. Qb3 a5 10. Na2 c5 11. dxc5 Nc6 12. Nxb4 Nxb4 13. Nd4 Bg6 14. Bd2 e5 15. Nf3 e4 16. Nd4 Nc6 17. Nxc6 bxc6 18. Rad1 Qc7 19. Bc3 Ng4 20. g3 h5 21. Qb6 Qc8 22. Rd6 Qf5 23. Qxc6 Kh7 24. Qd5 Qf3 25. Qd1 Qf5 26. Rd5 Qc8 27. Qd4 f6 28. Rd7 Ne5 29. Rd5 Nf3+ 30. Kg2 Nxd4 31. Bxd4 Bf7 0-1


[Site "https://www.chess.com"]

[Event "Titled Tuesday Blitz July 18 Early 2023"]
[White "Mogirzan, Matei-Valeriu"]
[Black "Vivas Zamora, Fabian Ernesto"]
[WhiteFideId "1257455"]
[BlackFideId "3902480"]
[WhiteElo "2570"]
[BlackElo "2440"]
[Result "0-1"]
[Round "10"]
[TimeControl "180+2"]
[Date "2023.07.18"]
[WhiteClock "0:00:19"]
[BlackClock "0:00:03"]
[Board "71"]

1. e4 c5 2. Nf3 d6 3. d4 cxd4 4. Nxd4 Nf6 5. Nc3 g6 6. Bc4 Bg7 7. f3 O-O 8. Be3 Nc6 9. Qd2 Bd7 10. O-O-O Rc8 11. Bb3 Nxd4 12. Bxd4 b5 13. Nd5 Nxd5 14. Bxd5 Bxd4 15. Qxd4 Qc7 16. c3 Qc5 17. Kb1 a5 18. h4 b4 19. Qxc5 Rxc5 20. cxb4 axb4 21. Rc1 Rfc8 22. Rxc5 Rxc5 23. Rc1 Bb5 24. Rxc5 dxc5 25. Kc1 c4 26. Kd2 e6 27. Bb7 Kf8 28. a3 c3+ 29. bxc3 bxa3 30. Kc2 Bc4 31. Bc6 Ke7 32. e5 h6 33. f4 f6 34. g3 g5 35. Ba4 gxf4 36. gxf4 fxe5 37. fxe5 Kd8 38. Bb3 a2 39. Bxc4 a1=Q 40. Bxe6 Qe1 41. Bf7 Qxe5 42. Bg6 Qh2+ 0-1


[Site "https://www.chess.com"]

[Event "Titled Tuesday Blitz July 18 Early 2023"]
[White "Lana Rodriguez, David"]
[Black "Rosh Jain"]
[WhiteFideId "2270803"]
[BlackFideId "25789465"]
[WhiteElo "2567"]
[BlackElo "2438"]
[Result "1-0"]
[Round "10"]
[TimeControl "180+2"]
[Date "2023.07.18"]
[WhiteClock "0:01:12"]
[BlackClock "0:00:04"]
[Board "72"]

1. e4 c5 2. Nf3 d6 3. d4 cxd4 4. Qxd4 Nf6 5. Be2 Nc6 6. Qe3 g6 7. O-O Bg7 8. Rd1 Qc7 9. h3 O-O 10. c4 Bd7 11. Nc3 a6 12. Rb1 Rac8 13. b3 Be6 14. Bb2 Nd7 15. Rdc1 Qb8 16. Ng5 Nc5 17. Nxe6 Nxe6 18. Nd5 Nc5 19. Bxg7 Kxg7 20. Bg4 e6 21. Nc3 Ne5 22. Be2 Rfd8 23. Rd1 Nc6 24. Rd2 Nd7 25. Rbd1 Nf6 26. Bf3 Qc7 27. Qf4 Ne5 28. Ne2 Qc6 29. Qe3 Nxf3+ 30. Qxf3 Nxe4 31. Rd4 Nc5 32. Qc3 Kg8 33. Qd2 Ne4 34. Qd3 d5 35. cxd5 exd5 36. Nf4 Nf6 37. Qf3 Qc3 38. Qe2 Qc2 39. Qe5 Ne4 40. Nxd5 Qxf2+ 41. Kh2 Nc5 42. Ne7+ Kf8 43. Rxd8+ Rxd8 44. Rxd8# 1-0


[Site "https://www.chess.com"]

[Event "Titled Tuesday Blitz July 18 Early 2023"]
[White "Portela Peleteiro, Alberto"]
[Black "Gabdushev, Ruslan"]
[WhiteFideId "22276106"]
[BlackFideId "4137833"]
[WhiteElo "2562"]
[BlackElo "2432"]
[Result "1/2-1/2"]
[Round "10"]
[TimeControl "180+2"]
[Date "2023.07.18"]
[WhiteClock "0:00:10"]
[BlackClock "0:00:04"]
[Board "73"]

1. e4 Nc6 2. Nc3 e6 3. d4 Bb4 4. a3 Bxc3+ 5. bxc3 d6 6. Qg4 Kf8 7. Qd1 e5 8. Nf3 Bg4 9. Be3 Nf6 10. h3 Bh5 11. Bd3 Qe7 12. d5 Na5 13. O-O b6 14. g4 Bg6 15. Nd2 Nb7 16. h4 h6 17. f3 Nd7 18. Qe1 Nbc5 19. Qg3 h5 20. g5 Kg8 21. Rae1 Kh7 22. Bb5 a6 23. Bd3 Na4 24. c4 Rae8 25. Qh3 Nac5 26. Bf2 Rhf8 27. Bg3 f6 28. gxf6 Rxf6 29. Kh2 Ref8 30. Bf2 Rf4 31. Bg3 Nxd3 32. cxd3 Nc5 33. Re3 R4f6 34. Rg1 Be8 35. Bf2 Bd7 36. Qg3 Qf7 37. Qg5 Rf4 38. Bg3 Rf6 39. Be1 g6 40. Rg3 Rf4 41. Nf1 Qf6 42. Qxf6 R8xf6 43. Rg2 Rxf3 44. Rxf3 Rxf3 45. Nd2 Rxd3 46. Rf2 Kg7 47. Nf3 Nxe4 48. Rf1 Re3 49. Bg3 Re2+ 50. Kg1 Bg4 51. Ng5 Nxg5 52. hxg5 Bf5 53. Be1 Ra2 54. Rf3 a5 55. c5 bxc5 56. Rb3 Ra1 57. Kf2 Bc2 58. Rb7 c4 59. Rxc7+ Kf8 60. Rxc4 Bd3 61. Rc7 e4 62. Bxa5 Ra2+ 63. Ke3 Rxa3 64. Bb4 Ra6 65. Rd7 Ke8 66. Rxd6 Rxd6 67. Bxd6 Kd7 68. Bh2 h4 69. Kd4 Bc2 70. Ke3 Bd3 71. Kd4 Bc2 72. Ke3 Bd3 1/2-1/2


[Site "https://www.chess.com"]

[Event "Titled Tuesday Blitz July 18 Early 2023"]
[White "Tikhonov, Viacheslav"]
[Black "Bazilius, Augustinas"]
[WhiteFideId "44196407"]
[BlackFideId "12832251"]
[WhiteElo "2542"]
[BlackElo "2430"]
[Result "0-1"]
[Round "10"]
[TimeControl "180+2"]
[Date "2023.07.18"]
[WhiteClock "0:00:24"]
[BlackClock "0:00:14"]
[Board "74"]

1. e4 c5 2. Nf3 a6 3. c4 Nc6 4. d4 cxd4 5. Nxd4 e5 6. Nf5 d6 7. Nc3 g6 8. Ne3 Bh6 9. Ned5 Bxc1 10. Qxc1 Be6 11. Qe3 Nf6 12. f3 Nd4 13. Bd3 Bxd5 14. cxd5 Qb6 15. Qf2 Rc8 16. O-O h5 17. h4 O-O 18. Rfc1 Rc7 19. Na4 Qa5 20. Rxc7 Qxc7 21. Qd2 Rc8 22. Kf2 b5 23. Nc3 Nd7 24. Ne2 Qb6 25. Kg3 Nxe2+ 26. Qxe2 Nc5 27. Bc2 b4 28. Rf1 a5 29. f4 exf4+ 30. Rxf4 Qd8 31. e5 dxe5 32. Qxe5 Nd7 33. Qe2 Qf8 34. Kh3 Re8 35. Qf3 Ne5 36. Qg3 Qd6 37. Be4 Ng4 38. Bf3 Re3 39. Rxg4 hxg4+ 40. Qxg4 Qxd5 41. Kh2 Qe5+ 42. g3 Qxb2+ 43. Kh3 Qxa2 44. h5 Qe6 45. hxg6 Rxf3 46. gxf7+ Kxf7 0-1


[Site "https://www.chess.com"]

[Event "Titled Tuesday Blitz July 18 Early 2023"]
[White "Fiorito, Joaquin"]
[Black "luksona14"]
[WhiteFideId "180173"]
[WhiteElo "2699"]
[BlackElo "2432"]
[Result "1-0"]
[Round "10"]
[TimeControl "180+2"]
[Date "2023.07.18"]
[WhiteClock "0:01:34"]
[BlackClock "0:01:17"]
[Board "75"]

1. d4 Nf6 2. Nc3 g6 3. e4 d6 4. Be3 Bg7 5. Qd2 a6 6. Bh6 Bxh6 7. Qxh6 b5 8. Bd3 Bb7 9. a3 Nbd7 10. Nf3 c5 11. O-O cxd4 12. Nxd4 Qb6 13. Nb3 Ne5 14. Rae1 Neg4 15. Qd2 O-O 16. Kh1 Rac8 17. f4 h5 18. h3 Nh6 19. e5 Nd7 20. e6 Nf6 21. exf7+ Kxf7 22. f5 Nxf5 23. Bxf5 gxf5 24. Rxf5 Rg8 25. Nd5 Bxd5 26. Qxd5+ Kf8 27. Qe6 Qb7 28. Rxf6+ exf6 29. Qxf6+ Qf7 30. Qxd6+ Kg7 31. Re7 Qxe7 32. Qxe7+ Kh6 33. Nd4 Rcf8 34. Nf3 1-0


[Site "https://www.chess.com"]

[Event "Titled Tuesday Blitz July 18 Early 2023"]
[White "MateoReyes"]
[Black "Goryachkina, Aleksandra"]
[BlackFideId "4147103"]
[WhiteElo "2497"]
[BlackElo "2637"]
[Result "0-1"]
[Round "10"]
[TimeControl "180+2"]
[Date "2023.07.18"]
[WhiteClock "0:00:26"]
[BlackClock "0:00:27"]
[Board "76"]

1. Nf3 c5 2. c4 Nc6 3. Nc3 Nf6 4. g3 g6 5. Bg2 Bg7 6. O-O d6 7. d3 O-O 8. e4 Bd7 9. h3 a6 10. a4 Rb8 11. Re1 Ne8 12. Nd5 e6 13. Nc3 Nc7 14. Bg5 Qe8 15. Bf4 e5 16. Bd2 b5 17. axb5 axb5 18. b3 Nb4 19. Nd5 Ncxd5 20. cxd5 Nxd3 21. Re3 c4 22. bxc4 bxc4 23. Qc2 Bb5 24. Bc3 Ra8 25. Rb1 Qd7 26. Bf1 Ra4 27. Ne1 Bh6 28. Re2 Rfa8 29. Qd1 Ra3 30. Bb2 Ra2 31. Nc2 Rxb2 32. Rxb2 Nxb2 33. Qb1 Nd3 34. Nb4 Nxb4 35. Qxb4 c3 36. Rc2 Ra1 0-1


[Site "https://www.chess.com"]

[Event "Titled Tuesday Blitz July 18 Early 2023"]
[White "Ahmad, Khagan"]
[Black "Erzhanov, Arman"]
[WhiteFideId "13431552"]
[BlackFideId "4138821"]
[WhiteElo "2600"]
[BlackElo "2487"]
[Result "1-0"]
[Round "10"]
[TimeControl "180+2"]
[Date "2023.07.18"]
[WhiteClock "0:00:46"]
[BlackClock "0:00:07"]
[Board "77"]

1. Nf3 d6 2. g3 e5 3. Bg2 g6 4. O-O Bg7 5. d4 Nd7 6. c4 Ne7 7. Nc3 O-O 8. dxe5 dxe5 9. Bg5 f6 10. Be3 Nf5 11. Bd2 c6 12. Ne4 Qb6 13. Qb3 Qxb3 14. axb3 Rd8 15. Bb4 Bf8 16. Bxf8 Kxf8 17. g4 Ng7 18. Rfd1 Ke7 19. g5 f5 20. Nf6 e4 21. Nd4 Ne6 22. Nxe6 Kxe6 23. Rd4 Rf8 24. Nxd7 Bxd7 25. Rad1 Rad8 26. e3 Ke7 27. h4 Be6 28. b4 Rd7 29. Rxd7+ Bxd7 30. Kh2 Be6 31. c5 Bd5 32. Kg3 Rh8 33. h5 gxh5 34. Rh1 Bf7 35. Kf4 Ke6 36. Bf1 Bg6 37. Bc4+ Ke7 38. b5 h6 39. gxh6 Rxh6 40. bxc6 bxc6 41. Kg5 Rh8 42. Kxg6 h4 43. Kxf5 Rf8+ 44. Kxe4 Rxf2 45. Rxh4 Rxb2 46. Rh7+ Kd8 47. Rxa7 Rc2 48. Kd4 Rd2+ 49. Ke5 Rc2 50. Kd6 Kc8 51. Kxc6 Kb8 52. Rb7+ Ka8 53. Rb4 Rd2 54. Kc7 Ka7 55. Ra4# 1-0


[Site "https://www.chess.com"]

[Event "Titled Tuesday Blitz July 18 Early 2023"]
[White "Chernyavsky, Alexander"]
[Black "Fiorito, Francisco"]
[WhiteFideId "24131156"]
[BlackFideId "180165"]
[WhiteElo "2451"]
[BlackElo "2588"]
[Result "1-0"]
[Round "10"]
[TimeControl "180+2"]
[Date "2023.07.18"]
[WhiteClock "0:00:05"]
[BlackClock "0:00:05"]
[Board "78"]

1. d4 Nf6 2. c4 c5 3. d5 b5 4. cxb5 a6 5. bxa6 Nxa6 6. Nc3 g6 7. e4 d6 8. f4 Bg7 9. Bb5+ Bd7 10. e5 dxe5 11. fxe5 Ng8 12. Nf3 Nh6 13. Qa4 O-O 14. Bxd7 Nb4 15. Qd1 Qxd7 16. a3 Nf5 17. O-O Rfd8 18. d6 Nc6 19. Bg5 Qa7 20. Qd5 Ncd4 21. g4 e6 22. Qe4 Nxf3+ 23. Qxf3 Nd4 24. Qe4 Rdb8 25. Rf2 c4 26. Be3 Qd7 27. Bxd4 Ra5 28. Raf1 Rf8 29. Qe2 Qc8 30. Ne4 Rd5 31. Bc3 Qc6 32. Nf6+ Bxf6 33. Rxf6 Rd3 34. Qf2 Qb7 35. a4 Rd5 36. Rxe6 Rd3 37. Rf6 Qd5 38. e6 Qe4 39. exf7+ Rxf7 40. Rxf7 Qxg4+ 41. Qg2 Qc8 42. Rg7+ Kh8 43. Rgf7+ Rxc3 44. Rf8+ Kg7 45. Rxc8 Rd3 46. Rc7+ Kh6 47. Qf2 Rd5 48. Qf4+ g5 49. Qf6+ Kh5 50. Rxh7+ Kg4 51. Qf3# 1-0


[Site "https://www.chess.com"]

[Event "Titled Tuesday Blitz July 18 Early 2023"]
[White "LangesNasenhaar"]
[Black "Ambartsumova, Karina"]
[BlackFideId "4166299"]
[WhiteElo "2449"]
[BlackElo "2574"]
[Result "0-1"]
[Round "10"]
[TimeControl "180+2"]
[Date "2023.07.18"]
[WhiteClock "0:00:05"]
[BlackClock "0:00:06"]
[Board "79"]

1. d4 d6 2. Nc3 g6 3. e4 Bg7 4. Bg5 Nd7 5. Qd2 a6 6. a4 b6 7. h4 h6 8. Be3 h5 9. Nh3 Bb7 10. Ng5 Ngf6 11. f3 c5 12. Bc4 O-O 13. Rd1 Rc8 14. Qe2 cxd4 15. Bxd4 Qc7 16. Bxa6 Bxa6 17. Qxa6 d5 18. O-O e5 19. Bf2 d4 20. Ne2 Ra8 21. Qb5 Qxc2 22. Rc1 Qxa4 23. Qd3 Nc5 24. Qb1 Qb3 25. Rcd1 Rfd8 26. Nc1 Qb5 27. Nd3 Nfd7 28. b4 Na4 29. Qb3 Rf8 30. Ra1 Bf6 31. Bg3 Kg7 32. f4 Bxg5 33. hxg5 Nc3 34. Rxa8 Rxa8 35. f5 Qxd3 36. fxg6 Ne2+ 37. Kf2 Qxb3 0-1


[Site "https://www.chess.com"]

[Event "Titled Tuesday Blitz July 18 Early 2023"]
[White "Vovk, Orest"]
[Black "Gaal, Zsoka"]
[WhiteFideId "14113490"]
[BlackFideId "777765"]
[WhiteElo "2569"]
[BlackElo "2437"]
[Result "1-0"]
[Round "10"]
[TimeControl "180+2"]
[Date "2023.07.18"]
[WhiteClock "0:00:05"]
[BlackClock "0:00:01"]
[Board "80"]

1. g4 a5 2. Bg2 a4 3. h4 e6 4. g5 d5 5. c4 a3 6. Nxa3 Bxa3 7. bxa3 dxc4 8. Qc2 h6 9. Bb2 hxg5 10. Bxg7 Rxh4 11. Rxh4 gxh4 12. Qh7 Ne7 13. Qh8+ Kd7 14. Qxh4 Nf5 15. Qxd8+ Kxd8 16. Bf6+ Ke8 17. e4 Nd6 18. Bb2 Nc6 19. Ne2 e5 20. f4 f6 21. Kf2 Be6 22. Rh1 Ke7 23. Rh7+ Bf7 24. Bf3 Rg8 25. Ng3 Kd8 26. f5 Nd4 27. Bxd4 exd4 28. Ne2 c5 29. Nf4 c3 30. dxc3 dxc3 31. Ke3 c2 32. Kd2 Rg3 33. Bh1 Rxa3 34. Ne6+ Bxe6 35. fxe6 Rxa2 36. Rd7+ Ke8 37. Rxd6 Ke7 38. Rb6 Ra1 39. Kxc2 Rxh1 40. Kd3 Rh4 41. Ke3 Rg4 42. Kf3 Rh4 43. Ke3 Rh8 44. Kf4 Rg8 45. e5 fxe5+ 46. Kf5 Rg5+ 47. Kxg5 c4 48. Kf5 c3 49. Rxb7+ Kd6 50. Rb1 1-0


[Site "https://www.chess.com"]

[Event "Titled Tuesday Blitz July 18 Early 2023"]
[White "Chitlange Sakshi"]
[Black "Gontcharov, Vladislav"]
[WhiteFideId "35002899"]
[BlackFideId "4123492"]
[WhiteElo "2451"]
[BlackElo "2565"]
[Result "1-0"]
[Round "10"]
[TimeControl "180+2"]
[Date "2023.07.18"]
[WhiteClock "0:00:48"]
[BlackClock "0:00:50"]
[Board "81"]

1. Nf3 Nf6 2. d4 e6 3. Bf4 c5 4. e3 d5 5. Nbd2 Nc6 6. c3 Bd6 7. Bg3 Qc7 8. dxc5 Bxg3 9. hxg3 a5 10. Bb5 Bd7 11. Nd4 e5 12. Bxc6 bxc6 13. N4f3 O-O 14. Qc2 h6 15. O-O Rfb8 16. c4 e4 17. Nd4 Qe5 18. cxd5 cxd5 19. Rfc1 Qh5 20. c6 Bc8 21. c7 Rb6 22. a4 Ng4 23. Nf1 Ba6 24. Nb5 Rc8 25. Qc5 Rb7 26. Qe7 Qf5 27. Rc2 Bxb5 28. axb5 Rxb5 29. Rac1 Kh7 30. Qd6 Qf6 31. Qd7 Qe6 32. Qxb5 1-0


[Site "https://www.chess.com"]

[Event "Titled Tuesday Blitz July 18 Early 2023"]
[White "Ganiev, Roman"]
[Black "Buchenau, Frank"]
[WhiteFideId "4131452"]
[BlackFideId "4604350"]
[WhiteElo "2549"]
[BlackElo "2436"]
[Result "1-0"]
[Round "10"]
[TimeControl "180+2"]
[Date "2023.07.18"]
[WhiteClock "0:02:14"]
[BlackClock "0:01:25"]
[Board "82"]

1. e4 e6 2. d4 d5 3. Nc3 Nf6 4. Bg5 dxe4 5. Nxe4 Be7 6. Bxf6 gxf6 7. Qd2 f5 8. Nc3 O-O 9. g3 Nc6 10. Nge2 Bf6 11. O-O-O Bd7 12. Bg2 Na5 13. Kb1 Qe7 14. Nf4 Qb4 15. Ncd5 Be7 16. Nxb4 1-0


[Site "https://www.chess.com"]

[Event "Titled Tuesday Blitz July 18 Early 2023"]
[White "Todorovic, Bojan"]
[Black "Zhang, Eric"]
[WhiteFideId "917087"]
[BlackFideId "30907667"]
[WhiteElo "2435"]
[BlackElo "2549"]
[Result "1-0"]
[Round "10"]
[TimeControl "180+2"]
[Date "2023.07.18"]
[WhiteClock "0:02:07"]
[BlackClock "0:00:57"]
[Board "83"]

1. d4 Nf6 2. c4 e6 3. Nf3 b6 4. g3 Bb7 5. Bg2 c5 6. d5 exd5 7. Nh4 Nc6 8. cxd5 Nb4 9. Nc3 g6 10. O-O Bg7 11. e4 O-O 12. e5 Ne8 13. Re1 Qe7 14. d6 1-0


[Site "https://www.chess.com"]

[Event "Titled Tuesday Blitz July 18 Early 2023"]
[White "Garsky, Vladyslav"]
[Black "Arencibia Monduy, Antonio"]
[WhiteFideId "34100270"]
[BlackFideId "3507939"]
[WhiteElo "2432"]
[BlackElo "2544"]
[Result "0-1"]
[Round "10"]
[TimeControl "180+2"]
[Date "2023.07.18"]
[WhiteClock "0:00:00"]
[BlackClock "0:00:02"]
[Board "84"]

1. e4 c5 2. c3 e6 3. d4 cxd4 4. cxd4 d5 5. exd5 exd5 6. Nc3 Nf6 7. Bd3 Bd6 8. Bg5 Be6 9. h3 h6 10. Bh4 g5 11. Bg3 Bxg3 12. fxg3 Qb6 13. Nge2 Nc6 14. Bc2 O-O-O 15. O-O Ne4 16. Kh1 f5 17. Na4 Qc7 18. Rc1 Kb8 19. a3 Rhf8 20. Qd3 Rde8 21. b4 Qd6 22. Nc5 Bc8 23. Bb3 Re7 24. b5 Na5 25. Ba2 Rfe8 26. Rc2 Nxc5 27. dxc5 Qe5 28. Nd4 f4 29. gxf4 gxf4 30. Nf3 Qe4 31. Rd1 Qxd3 32. Rxd3 Bf5 33. Rcd2 Bxd3 34. Rxd3 Re2 35. Bxd5 R8e3 36. Rd4 Nb3 37. Bxb3 Rxb3 38. Rxf4 Rxb5 39. Kh2 Rbb2 40. Rg4 a5 41. Nd4 Red2 42. Nf5 h5 43. Rg8+ Ka7 44. Ne3 Ra2 45. Nc4 Rdc2 46. Nd6 Rxc5 47. Rg7 Rb2 48. h4 Rd5 49. Nc8+ Kb8 50. Ne7 Rdd2 51. Nf5 Ra2 52. Rg5 Rxa3 53. Rxh5 Raa2 54. Rg5 a4 55. h5 a3 56. h6 Rd8 57. h7 Rc2 58. Rg8 Rcc8 59. h8=Q Rxg8 60. Qe5+ Ka8 61. Qa5+ Kb8 62. Qxa3 Rh8+ 63. Kg3 Rhg8+ 64. Kh3 Rh8+ 65. Nh4 Rc4 66. Qg3+ Ka8 0-1


[Site "https://www.chess.com"]

[Event "Titled Tuesday Blitz July 18 Early 2023"]
[White "DCacheiro"]
[Black "Li, Hui"]
[BlackFideId "15400310"]
[WhiteElo "2524"]
[BlackElo "2377"]
[Result "1-0"]
[Round "10"]
[TimeControl "180+2"]
[Date "2023.07.18"]
[WhiteClock "0:00:02"]
[BlackClock "0:00:00"]
[Board "85"]

1. e4 e5 2. Nf3 Nf6 3. d4 exd4 4. e5 Ne4 5. Qxd4 d5 6. exd6 Nxd6 7. Nc3 Nc6 8. Qf4 Nf5 9. Bd2 Bd6 10. Qe4+ Qe7 11. O-O-O Bd7 12. Bc4 O-O 13. Qxe7 Ncxe7 14. Ne4 Bc6 15. Nxd6 Nxd6 16. Bd3 Rfe8 17. Rhg1 Be4 18. Bf4 Bxd3 19. Rxd3 Ne4 20. Re1 Nxf2 21. Rde3 Kf8 22. Bxc7 Nf5 23. Rxe8+ Rxe8 24. Rxe8+ Kxe8 25. Bf4 Ne4 26. c4 a6 27. b4 f6 28. Nd2 Nxd2 29. Kxd2 Nh4 30. g4 Kd7 31. a4 Ng6 32. Bg3 Ne7 33. Kc3 f5 34. gxf5 Nxf5 35. Bf4 Ne7 36. Be5 g6 37. b5 Nf5 38. Kb4 Ne3 39. bxa6 bxa6 40. Bf4 Ng2 41. Bg3 Kc6 42. Ka5 Kb7 43. c5 Ne3 44. c6+ Kxc6 45. Kxa6 Nf1 46. Bf4 h6 47. a5 g5 48. Bc1 Nxh2 49. Ka7 Kc7 50. a6 Kc8 51. Kb6 Kb8 52. Bb2 Ka8 53. Be5 Nf3 54. Bd6 g4 55. Kc6 h5 56. Kd5 h4 57. Ke4 h3 58. Bg3 1-0


[Site "https://www.chess.com"]

[Event "Titled Tuesday Blitz July 18 Early 2023"]
[White "Manukian, Artak"]
[Black "Bilan, Danila"]
[WhiteFideId "13301373"]
[BlackFideId "24161918"]
[WhiteElo "2422"]
[BlackElo "2523"]
[Result "0-1"]
[Round "10"]
[TimeControl "180+2"]
[Date "2023.07.18"]
[WhiteClock "0:00:00"]
[BlackClock "0:00:02"]
[Board "86"]

1. e4 c6 2. d4 d5 3. e5 c5 4. dxc5 Nc6 5. Bb5 e6 6. b4 Bd7 7. Bxc6 Bxc6 8. Nf3 b6 9. Be3 bxc5 10. bxc5 Bb5 11. Nc3 Bc4 12. Nd2 Ba6 13. Nb3 Ne7 14. Qd4 Bc4 15. Nd2 Nc6 16. Qf4 Qa5 17. Ne2 Bxe2 18. Kxe2 Bxc5 19. Bxc5 Qxc5 20. Rhc1 O-O 21. c4 d4 22. Kf1 Qxe5 23. Qxe5 Nxe5 24. c5 Nc6 25. Rab1 Rab8 26. a4 e5 27. Ne4 Rxb1 28. Rxb1 Rb8 29. Rb5 Kf8 30. Ke2 Ke7 31. Kd3 f6 32. Nd6 a6 33. Rxb8 Nxb8 34. Nf5+ Ke6 35. Nxg7+ Kd5 36. Ne8 e4+ 37. Ke2 f5 38. Nf6+ Kxc5 39. Nxh7 Kc4 40. Nf6 Kc3 41. Kd1 Nc6 42. h4 d3 43. h5 Ne5 44. Nd5+ Kd4 45. Ne7 f4 46. h6 e3 47. Nf5+ Ke4 48. Nd6+ Kd4 0-1


[Site "https://www.chess.com"]

[Event "Titled Tuesday Blitz July 18 Early 2023"]
[White "Okike, David"]
[Black "Sreyas Payyappat"]
[WhiteFideId "8500134"]
[BlackFideId "46674969"]
[WhiteElo "2353"]
[BlackElo "2519"]
[Result "0-1"]
[Round "10"]
[TimeControl "180+2"]
[Date "2023.07.18"]
[WhiteClock "0:01:28"]
[BlackClock "0:00:21"]
[Board "87"]

1. e4 c6 2. d4 d5 3. e5 Bf5 4. h4 Qc7 5. Nc3 h5 6. Nge2 e6 7. Ng3 Bg6 8. Be2 c5 9. Nb5 Qb6 10. O-O a6 11. Nd6+ Bxd6 12. exd6 cxd4 13. Bxh5 Bxh5 14. Nxh5 g6 15. Ng3 Nc6 16. h5 gxh5 17. b3 Nf6 18. Bg5 Ne4 19. Nxe4 dxe4 20. Re1 Qc5 21. Bh4 Qf5 22. Qe2 Kd7 23. Qxe4 Qxe4 24. Rxe4 f5 25. Re2 Kxd6 26. Rd1 e5 27. c3 Rhe8 28. cxd4 exd4 29. Red2 Re4 30. Bg3+ Kc5 31. f3 Re6 32. Bf2 Rd8 33. a3 Red6 34. Bg3 Rd5 35. Kf1 d3 36. Bf2+ Kb5 37. Be3 Na5 38. Rb1 Nc6 39. Kf2 a5 40. f4 Re8 41. Kf3 Red8 42. Rh1 Nd4+ 43. Bxd4 Rxd4 44. Rxh5 R8d5 45. Rh7 b6 46. Re7 Rc5 47. Re3 Rc3 48. b4 axb4 49. axb4 Kxb4 50. g4 fxg4+ 51. Kxg4 Rcc4 52. Rf3 Kc3 53. Rd1 Kc2 54. Rff1 Rxf4+ 55. Rxf4 Rxf4+ 56. Kxf4 Kxd1 57. Ke3 d2 0-1


[Site "https://www.chess.com"]

[Event "Titled Tuesday Blitz July 18 Early 2023"]
[White "Shapiro, Daniel"]
[Black "Santos Flores, Alberto"]
[WhiteFideId "2001780"]
[BlackFideId "3601234"]
[WhiteElo "2352"]
[BlackElo "2518"]
[Result "0-1"]
[Round "10"]
[TimeControl "180+2"]
[Date "2023.07.18"]
[WhiteClock "0:00:00"]
[BlackClock "0:00:55"]
[Board "88"]

1. d4 d5 2. c4 c6 3. Nf3 Nf6 4. Qb3 a6 5. c5 Nbd7 6. Bf4 Nh5 7. Bd2 e5 8. e3 e4 9. Ng1 f5 10. Nc3 g6 11. O-O-O Bg7 12. g3 O-O 13. Be2 Nhf6 14. h3 b6 15. cxb6 Qxb6 16. Qxb6 Nxb6 17. Kb1 a5 18. Rc1 Ba6 19. Bxa6 Rxa6 20. b3 a4 21. Nge2 Rfa8 22. Kb2 Bf8 23. Rc2 Rb8 24. Nb1 axb3 25. axb3 Nc4+ 26. Kc1 Rxb3 27. Bc3 Ba3+ 28. Nxa3 Nxa3 29. Rb2 Rab6 30. Rxb3 Rxb3 31. Kd2 Rb1 32. Rxb1 Nxb1+ 33. Kc2 Na3+ 34. Kb3 Nc4 35. Nf4 Kf7 36. Kb4 g5 37. Ne2 Nd7 38. Be1 Ke6 39. Nc3 Kd6 40. Na4 h5 41. Nc5 Nxc5 0-1


[Site "https://www.chess.com"]